 Dungeon Crawl Stone Soup version 0.24-a0-433-gbe6fa4f6cc (webtiles) character file.

Game seed: 9147163532156591271

13510 Ijustatesigmund the Fighter (level 12, -7/133 HPs)
             Began as an Ogre Hunter on June 14, 2019.
             Was an Initiate of Cheibriados.
             Mangled by a lorocyproca (10 damage)
             ... on level 3 of the Abyss.
             The game lasted 00:30:08 (11497 turns).

Ijustatesigmund the Fighter (Ogre Hunter)          Turns: 11497, Time: 00:30:08

Health: -7/133     AC: 10    Str: 20    XL:     12   Next: 6%
Magic:  0/12       EV: 12    Int: 13    God:    Cheibriados [......]
Gold:   776        SH:  0    Dex: 17    Spells: 11/11 levels left

rFire    + . .     SeeInvis .   a - +0 giant spiked club
rCold    + . .     Gourm    .   (shield currently unavailable)
rNeg     + . .     Faith    .   g - +0 troll leather armour {Purgy}
rPois    .         Spirit   .   (helmet restricted)
rElec    .         Reflect  .   v - +0 cloak
rCorr    .         Harm     .   (gloves unavailable)
MR       +....                  (boots unavailable)
Stlth    ..........             B - amulet of regeneration
HPRegen  1.12/turn              N - +3 ring of dexterity
MPRegen  0.13/turn              D - ring "Loygir" {rF+ rC+ rN+}

@: about to teleport, silence, slow
A: large, unfitting armour, horns 1, iridescent scales 1, thin metallic scales
1, tough skin 1
a: Renounce Religion


You were on level 3 of the Abyss.
You worshipped Cheibriados.
Cheibriados was noncommittal.
You were not hungry.

You visited 2 branches of the dungeon, and saw 13 of its levels.
You visited the Abyss 1 time.
You also visited: Sewer and Ossuary.

You collected 864 gold pieces.
You spent 88 gold pieces at shops.

Inventory:

Hand Weapons
 a - a +0 giant spiked club (weapon)
 r - a +3 flail of protection
 u - the +3 mace of Akual {distort, *Slow rElec rPois Dex+4}
   (You found it on level 6 of the Dungeon)

   It warps and distorts space around it.
   Unwielding it can cause banishment or high damage.
   It affects your dexterity (+4).
   It insulates you from electricity.
   It protects you from poison.
   It may slow you when you take damage.
 O - a +2 morningstar
Missiles
 c - 9 large rocks (quivered)
 d - 2 throwing nets
 k - 6 boomerangs
Armour
 b - a +2 robe of positive energy
 g - a +0 troll leather armour (worn) {Purgy}
 v - a +0 cloak (worn)
Jewellery
 n - an uncursed ring of magical power
 s - the amulet "Seohomoz" {Spirit Dex+2}
   (You found it on level 5 of the Dungeon)

   [amulet of guardian spirit]

   It causes incoming damage to be split between your health and magic.
   It affects your dexterity (+2).
 B - an amulet of regeneration (around neck)
 D - the ring "Loygir" (right hand) {rF+ rC+ rN+}
   (You found it on level 8 of the Dungeon)

   [ring of protection from cold]

   It protects you from fire.
   It protects you from cold.
   It protects you from negative energy.
 N - a +3 ring of dexterity (left hand)
Wands
 o - a wand of acid (15)
 C - a wand of scattershot (5)
 E - a wand of disintegration (25)
 H - a wand of polymorph (8)
 K - a wand of paralysis (5)
 M - a wand of clouds (5)
Scrolls
 e - 7 scrolls of teleportation
 x - 4 scrolls of immolation
 y - 3 scrolls of identify
 F - a scroll of remove curse
 G - a scroll of enchant weapon
 I - 2 scrolls of fog
 L - 2 scrolls of amnesia
Potions
 h - 4 potions of invisibility
 i - 7 potions of curing
 j - 4 potions of brilliance
 l - a potion of might
 m - 3 potions of agility
 p - 9 potions of flight
 q - a potion of haste
 t - 2 potions of lignification
 w - a potion of resistance
 z - 2 potions of cancellation
 A - a potion of mutation
Comestibles
 f - 20 rations


   Skills:
 + Level 12.8 Fighting
 * Level 12.3 Maces & Flails
 - Level 6.0 Throwing
 - Level 4.3 Armour
 - Level 5.2 Dodging
 - Level 0.6 Stealth


You had 11 spell levels left.
You didn't know any spells.
Your spell library contained the following spells:

 Spells                   Type           Power        Failure   Level  Hunger
 Corona                   Hex            #......      34%         1    ##.....
 Ensorcelled Hibernation  Hex/Ice        #.....       47%         2    ###....
 Confuse                  Hex            #.......     71%         3    ####...
 Dazzling Spray           Conj/Hex       #.....       71%         3    ####...
 Tukima's Dance           Hex            #.......     71%         3    ####...


Dungeon Overview and Level Annotations

Branches:
Dungeon (12/15)            Temple (1/1) D:7            Lair (0/6) D:10
    Orc (0/2) D:10

Altars:
Ashenzari
Cheibriados
Dithmenos
Elyvilon
Fedhas
Gozag
Hepliaklqana
Kikubaaqudgha
Makhleb
Nemelex Xobeh
Okawaru
Ru
Sif Muna
Trog
Uskayaw
Vehumet
Wu Jian
Xom
Yredelemnul
Zin
The Shining One
Lugonu

Shops:
D:5 !   D:10 (

Annotations:
D:9 melvinkitnick's ghost, novice GrEE


Innate Abilities, Weirdness & Mutations

You are too large for most types of armour.
You have tough skin. (AC +1)
You have a pair of small horns on your head.
You are partially covered in iridescent scales. (AC +2)
You are partially covered in thin metallic scales. (AC +2)


Message History

You feel much better.
A starcursed mass comes into view.
Something hits you!
* * * LOW HITPOINT WARNING * * *
You feel your power leaking away.
A reaper comes into view. It is wielding a +3 vampiric scythe.
As you read the scroll of teleportation, it crumbles to dust.
You feel strangely unstable.
You feel the power of the Abyss delaying your translocation!
A starcursed mass splits.
Something barely misses you.
You feel much better.
The reaper hits you from afar with a +3 vampiric scythe!!
* * * LOW HITPOINT WARNING * * *
A starcursed mass splits.
Something hits you!!
* * * LOW HITPOINT WARNING * * *
Unknown command.
As you read the scroll of silence, it crumbles to dust.
A profound silence engulfs you. The reaper closely misses you.
A starcursed mass splits.
Something hits you!
You die...

#.. .... # .
.. ###..## #
... #..
..##..#
...##.#
....##.# .
...#.
..#.#.## ##.
....##....#
. .
#...##.§X§#
#
##....#§§X##
###. ..§#@#
#. ##X{## .
#§2# # #.#.
..##. ## #.
## .. ##


You could see 3 starcursed masses and a reaper.

Vanquished Creatures
  Erolcha (D:10)
  2 hydras (D:9)
  Harold (D:8)
  2 two-headed ogres (D:12)
  A worldbinder (Abyss:3)
  Joseph (D:7)
  A kobold demonologist (D:12)
  A troll (D:11)
  A hornet (D:12)
  A hippogriff (D:9)
  A dream sheep (D:9)
  A vampire (D:11)
  A shadow (D:10)
  A wraith (D:10)
  A wyvern (D:8)
  4 yaks (D:9)
  A water moccasin (D:9)
  2 ice beasts
  2 orc warriors
  Purgy (D:3)
  2 sky beasts
  3 necrophages
  3 ogres
  3 phantoms
  6 centaurs
  3 big kobolds
  Blork the orc (D:4)
  A bullfrog (D:6)
  2 water moccasin zombies (Ossuary)
  4 scorpions
  10 wights
  5 howler monkeys (D:11)
  12 crimson imps
  6 orc priests
  3 jellies
  A bullfrog zombie (D:11)
  4 bullfrog skeletons
  A centaur zombie (D:5)
  7 hounds
  2 centaur skeletons
  2 gnoll shamans
  Jessica (D:3)
  3 iguanas
  9 orc wizards
  9 worker ants
  2 big kobold zombies (Ossuary)
  2 hound zombies
  A hound skeleton (D:7)
  A mummy (Ossuary)
  A howler monkey zombie (D:5)
  13 gnolls
  16 adders
  2 oozes
  5 adder zombies
  An adder skeleton (D:4)
  9 worms
  2 dart slugs
  14 leopard geckos
  38 orcs
  3 ball pythons
  10 bats
  9 giant cockroaches
  9 goblins
  14 hobgoblins
  15 jackals
  12 kobolds
  9 quokkas
  5 frilled lizards
  3 gnoll zombies (Ossuary)
  4 hobgoblin zombies (Ossuary)
  2 jackal skeletons (D:4)
  5 kobold zombies (Ossuary)
  2 leopard gecko zombies
  7 orc zombies (Ossuary)
  A quokka zombie (D:5)
  14 rats
361 creatures vanquished.

Vanquished Creatures (others)
  A two-headed ogre (D:9)
  A dream sheep (D:9)
  A yak (D:9)
  An orc warrior (D:6)
  A sky beast (D:10)
  A wight (D:11)
  A crimson imp (D:11)
  A bullfrog zombie (D:7)
  An orc wizard (D:9)
  A mummy (Ossuary)
  2 adders
  A gnoll (D:7)
  An ooze (Sewer)
  2 orcs
  A quokka (D:6)
  A hobgoblin zombie (Ossuary)
18 creatures vanquished.

Grand Total: 379 creatures vanquished

Notes
Turn   | Place    | Note
-------+----------+-------------------------------------------
     0 | D:1      | Ijustatesigmund the Ogre Hunter began the quest for the
                  | Orb.
     0 | D:1      | Reached XP level 1. HP: 22/22 MP: 1/1
    12 | D:1      | Reached XP level 2. HP: 32/32 MP: 2/2
   202 | D:1      | Reached XP level 3. HP: 38/39 MP: 3/3
   235 | D:1      | Reached skill level 1 in Maces & Flails
   857 | D:1      | Gained mutation: You are partially covered in thin metallic
                  | scales. (AC +2) [potion of mutation]
   857 | D:1      | Gained mutation: You are partially covered in iridescent
                  | scales. (AC +2) [potion of mutation]
   857 | D:1      | Gained mutation: You have a pair of small horns on your
                  | head. [potion of mutation]
  1130 | D:2      | Reached XP level 4. HP: 45/49 MP: 4/4
  1408 | D:2      | Reached skill level 5 in Fighting
  1586 | D:2      | Found a glowing golden altar of the Shining One.
  1721 | D:2      | Reached XP level 5. HP: 56/57 MP: 5/5
  1796 | D:2      | Found a basalt altar of Yredelemnul.
  1798 | D:2      | Noticed a profane servitor
  1806 | D:2      | Noticed an angel
  1832 | D:3      | Found a hide-covered altar of Uskayaw.
  1899 | D:3      | Found a shimmering altar of Xom.
  1900 | D:3      | Found an opulent altar of Gozag.
  1900 | D:3      | Found a sacrificial altar of Ru.
  1905 | D:3      | Found a radiant altar of Vehumet.
  1905 | D:3      | Found a white marble altar of Elyvilon.
  1908 | D:3      | Found a blossoming altar of Fedhas.
  2122 | D:3      | Noticed Jessica
  2129 | D:3      | Killed Jessica
  2136 | D:3      | Found a sparkling altar of Nemelex Xobeh.
  2340 | D:3      | Found an ancient bone altar of Kikubaaqudgha.
  2677 | D:3      | Reached XP level 6. HP: 67/67 MP: 6/6
  2857 | D:3      | Noticed Purgy
  2861 | D:3      | Killed Purgy
  3037 | D:5      | Entered Level 5 of the Dungeon
  3095 | D:5      | Reached XP level 7. HP: 73/76 MP: 7/7
  3150 | D:5      | Reached skill level 5 in Maces & Flails
  3329 | D:5      | Found Pefraiv's Distillery.
  3334 | D:5      | Bought a potion of curing for 33 gold pieces
  3334 | D:5      | Bought a potion of might for 44 gold pieces
  3334 | D:5      | Bought a potion of degeneration for 11 gold pieces
  3532 | D:5      | Got a smoking emerald amulet
  3533 | D:5      | Identified the amulet "Seohomoz" {Spirit Dex+2} (You found
                  | it on level 5 of the Dungeon)
  3972 | D:4      | Found a shimmering altar of Xom.
  3973 | D:4      | Found a shimmering altar of Xom.
  3975 | D:4      | Found a shimmering altar of Xom.
  3976 | D:4      | Found a shimmering altar of Xom.
  4118 | D:4      | Reached XP level 8. HP: 86/87 MP: 8/8
  4119 | D:4      | Reached skill level 1 in Armour
  4405 | D:4      | Noticed Blork the orc
  4415 | D:4      | Killed Blork the orc
  4529 | D:4      | Found a deep blue altar of Sif Muna.
  4708 | D:6      | Got a bone mace
  4709 | D:6      | Identified the +3 mace of Akual {distort, *Slow rElec rPois
                  | Dex+4} (You found it on level 6 of the Dungeon)
  4821 | D:6      | Found a sand-covered staircase.
  4826 | Ossuary  | Entered an ossuary
  5061 | D:6      | Found a glowing drain.
  5070 | Sewer    | Entered a sewer
  5660 | D:6      | Reached XP level 9. HP: 68/97 MP: 9/9
  6609 | D:7      | Found a staircase to the Ecumenical Temple.
  6692 | D:7      | Noticed Joseph
  6699 | D:7      | Killed Joseph
  7209 | D:8      | Reached skill level 10 in Fighting
  7209 | D:8      | Reached XP level 10. HP: 110/110 MP: 10/10
  7408 | D:8      | Got a glittering granite ring
  7437 | D:8      | Noticed Harold
  7458 | D:8      | Killed Harold
  7864 | D:8      | Reached skill level 10 in Maces & Flails
  8203 | D:9      | Found a bloodstained altar of Trog.
  8212 | D:9      | Noticed a two-headed ogre
  8261 | D:9      | Identified the ring "Loygir" {rF+ rC+ rN+} (You found it on
                  | level 8 of the Dungeon)
  8408 | D:9      | Found an ornate altar of the Wu Jian Council.
  8519 | D:9      | Reached XP level 11. HP: 120/120 MP: 11/11
  8562 | D:9      | Noticed a three-headed hydra
  8572 | D:9      | Killed a three-headed hydra
  8572 | D:9      | Reached skill level 5 in Dodging
  8674 | D:9      | Found a runed translucent gate.
  8675 | D:9      | Found a runed translucent gate.
  8676 | D:9      | Found a runed translucent gate.
  8677 | D:9      | Noticed melvinkitnick's ghost (novice GrEE)
  8678 | D:9      | Noticed a nine-headed hydra
  8703 | D:9      | Killed a nine-headed hydra
  8807 | D:9      | Banished a two-headed ogre
  8899 | D:10     | Entered Level 10 of the Dungeon
  8899 | D:10     | Noticed Erolcha
  8907 | D:10     | Killed Erolcha
  8949 | D:10     | Found a staircase to the Lair.
  9009 | D:10     | Found a staircase to the Orcish Mines.
  9009 | D:10     | Found Viwn's Weapon Shoppe.
  9221 | D:10     | Reached skill level 5 in Throwing
 10358 | D:11     | Found a glowing golden altar of the Shining One.
 10606 | D:12     | Noticed a two-headed ogre
 10617 | D:12     | Killed a two-headed ogre
 11020 | D:12     | Paralysed by a hornet for 3 turns
 11116 | D:12     | Noticed a two-headed ogre
 11123 | D:12     | Killed a two-headed ogre
 11123 | D:12     | Reached XP level 12. HP: 63/133 MP: 12/12
 11235 | Temple   | Entered the Ecumenical Temple
 11256 | Temple   | Became a worshipper of Cheibriados the Contemplative
 11257 | Temple   | Cast into level 3 of the Abyss (a distortion unwield)
 11277 | Abyss:3  | Noticed a wretched star
 11408 | Abyss:3  | Found a corrupted altar of Lugonu.
 11494 | Abyss:3  | Noticed a starcursed mass
 11494 | Abyss:3  | Noticed a reaper
 11496 | Abyss:3  | HP: 1/133 [something (35)]
 11497 | Abyss:3  | Mangled by a lorocyproca

Levels and vault maps discovered:
D:1:      noname_arrival_rooms_in_the_neighbourhood, layout_basic
D:2:      layout_rooms, grunt_temple_overflow_holy_war, first_ration
D:3:      layout_loops_ring, kiku_gazebo_garden_becter, minitemple,
          eat_drink_and_be_merry_uskayaw, nemelex_xobeh_ov_fountains_minmay,
          uniq_purgy, uniq_jessica
D:4:      layout_basic, led_sif_book, xom_redecorated, uniq_blork_the_orc
D:5:      layout_basic, serial_shops, shop
D:6:      layout_basic, enter_ossuary_5, cheibrodos_sewer_entry_drain,
          serial_rivers, chequers_serial_rivers_micro_e,
          chequers_serial_rivers_large_a, chequers_serial_rivers_room_b,
          chequers_serial_rivers_micro_c
D:7:      layout_loops_ring, temple_fountains, uniq_joseph
D:8:      layout_cave_pools, uniq_harold
D:9:      layout_roguey, old_standard_altar, kennysheep_little_box,
          gammafunk_ghost_hydra_chop, hangedman_ranch [blue_anna_fruit_fields]
D:10:     layout_loops_corners, lair_entry_dummy, orc_david_3, uniq_erolcha
D:11:     layout_loops_corners, lemuel_altar_in_water
D:12:     layout_gridville
Temple:   corrupted_temple
Abyss:3:  nicolae_abyss_rune_star_stuff

Skill      XL: |  1  2  3  4  5  6  7  8  9 10 11 12 |
---------------+-------------------------------------+-----
Fighting       | 3 4 5 6 7 8 10 11 12 | 12.8
Maces & Flails | 2 3 4 5 7 9 10 12 | 12.3
Dodging        | 2 4 5 |  5.2
Armour         | 2 4 |  4.3
Throwing       | 5 6 |  6.0
Stealth        | |  0.6

Action                   |  1- 3 |  4- 6 |  7- 9 | 10-12 || total
-------------------------+-------+-------+-------+-------++-------
Melee: Flail             |    93 |   187 |   196 |       ||   476
       Short sword       |     5 |       |       |       ||     5
       Headbutt          |       |    27 |   116 |   110 ||   253
       Mace              |       |       |   314 |   398 ||   712
       Giant spiked club |       |       |       |    18 ||    18
Throw: Large rock        |     3 |     8 |     3 |     4 ||    18
Evoke: Wand              |       |       |     2 |     2 ||     4
  Use: Scroll            |     4 |    10 |     5 |    13 ||    32
       Potion            |     1 |       |     1 |     4 ||     6
 Stab: Sleeping          |     1 |     1 |     3 |     2 ||     7
  Eat: Chunk             |       |     7 |     7 |    12 ||    26
       Ration            |       |       |     2 |     1 ||     3
Armor: Robe              |    31 |    88 |       |       ||   119
       Troll leather arm |       |    10 |   222 |   149 ||   381
Dodge: Dodged            |    49 |    99 |   235 |   294 ||   677

Table legend:
 A = Non-vault XP
 B = Vault XP
 C = Vault XP percentage of total XP
 D = Non-vault monster count
 E = Vault monster count
 F = Vault count percentage of total count
                 A         B        C        D         E       F
            +---------+---------+-------+---------+---------+-------
      Total |   13080 |    6220 |  32.2 |     305 |      74 |  19.5
            +---------+---------+-------+---------+---------+-------
        D:1 |      79 |       0 |   0.0 |      35 |       0 |   0.0
        D:2 |      88 |       0 |   0.0 |      18 |       0 |   0.0
        D:3 |     120 |     169 |  58.5 |      35 |       2 |   5.4
        D:4 |     483 |      91 |  15.9 |      29 |       1 |   3.3
        D:5 |     530 |       0 |   0.0 |      20 |       0 |   0.0
        D:6 |    1226 |       7 |   0.6 |      34 |       3 |   8.1
        D:7 |    1030 |     434 |  29.6 |      27 |       1 |   3.6
        D:8 |    1208 |     970 |  44.5 |      22 |       1 |   4.3
        D:9 |    2704 |    3053 |  53.0 |      35 |       8 |  18.6
       D:10 |     974 |    1138 |  53.9 |      11 |       4 |  26.7
       D:11 |    1541 |       0 |   0.0 |      29 |       0 |   0.0
       D:12 |    2610 |       0 |   0.0 |       9 |       0 |   0.0
    Abyss:3 |     487 |       0 |   0.0 |       1 |       0 |   0.0
      Sewer |       0 |      80 | 100.0 |       0 |      25 | 100.0
    Ossuary |       0 |     278 | 100.0 |       0 |      29 | 100.0
            +---------+---------+-------+---------+---------+-------
